 Dungeon Crawl Stone Soup version 0.19-a0-97-g21dea92 (webtiles) character file.

1738 wvc the Frost Mage (level 9, -1/57 HPs)
             Began as a Merfolk Ice Elementalist on May 16, 2016.
             Was a Follower of Ashenzari.
             Slain by an ogre
             ... wielding a +0 giant spiked club
              (25 damage)
             ... on level 7 of the Dungeon.
             The game lasted 00:21:51 (6869 turns).

wvc the Frost Mage (Merfolk Ice Elementalist)       Turns: 6869, Time: 00:21:52

Health: -1/57      AC: 13    Str: 11    XL:     9   Next: 5%
Magic:  8/18       EV: 12    Int: 17    God:    Ashenzari [*.....]
Gold:   334        SH:  0    Dex: 15    Spells: 4 memorised, 8 levels left

rFire  . . .     SeeInvis .     x - +2 dagger (venom)
rCold  . . .     Gourm    .     t - +0 troll leather armour (curse) {Purgy}
rNeg   . . .     Faith    .     (no shield)
rPois  .         Spirit   .     w - +0 helmet (curse)
rElec  .         Dismiss  .     (no cloak)
rCorr  .         Reflect  .     E - +1 pair of gloves {Str+3} (curse)
SustAt .         Harm     .     (no boots)
MR     .....     Clarity  +     (no amulet)
Stlth  ++........               (no ring)
                                (no ring)

@: icy armour, slow, not resistant to hostile enchantments, unstealthy
A: change form in water, swift swim, clarity
a: Curse Item, Scrying, Renounce Religion


You were on level 7 of the Dungeon.
You worshipped Ashenzari.
Ashenzari was aware of your devotion.
You were not hungry.

You visited 1 branch of the dungeon, and saw 7 of its levels.

You collected 334 gold pieces.

Inventory:

Hand Weapons
 m - a +0 rapier of speed
 u - a +2 short sword of draining
 x - a +2 dagger of venom (weapon)
Missiles
 j - 10 poisoned needles
Armour
 t - a cursed +0 troll leather armour (worn) {Purgy}
 w - a cursed +0 helmet (worn)
 y - the +4 scale mail of Surprise {rCorr Int+4 Dex+5}
   (You found it on level 6 of the Dungeon)

   It affects your intelligence (+4).
   It affects your dexterity (+5).
   It protects you from acid and corrosion.
 E - a cursed +1 pair of gloves of strength (worn)
Jewellery
 a - an uncursed amulet of guardian spirit
Wands
 d - a wand of lightning (3/15)
 e - a wand of polymorph (9/24)
 o - a wand of acid (5/15)
 p - a wand of acid (10/15)
 C - a wand of lightning (15/15)
Scrolls
 i - 5 scrolls of noise
 k - a scroll of fog
Potions
 f - 9 potions of curing
 h - 2 potions of might
 l - 2 potions of magic {unknown}
 n - 2 potions of resistance
 q - a potion of lignification
 r - 2 potions of mutation
 s - 2 potions of heal wounds
 v - a potion of ambrosia
 z - a potion of flight {unknown}
 A - a potion of berserk rage {unknown}
 D - a potion of degeneration {unknown}
Books
 b - a book of Frost

   Spells                             Type                      Level
   a - Freeze                         Ice                          1
   b - Throw Frost                    Conjuration/Ice              2
   c - Ozocubu's Armour               Charms/Ice                   3
   d - Throw Icicle                   Conjuration/Ice              4
   e - Summon Ice Beast               Ice/Summoning                4
Miscellaneous
 B - a plain deck of changes
Comestibles
 c - 6 bread rations
 g - 3 meat rations


   Skills:
 + Level 0.2 Fighting
 + Level 2.6 Dodging
 - Level 2.1 Stealth
 + Level 6.4 Spellcasting
 - Level 0.7 Conjurations
 + Level 2.1 Summonings
 + Level 10.0 Ice Magic


You had 8 spell levels left.
You knew the following spells:

 Your Spells              Type           Power        Failure   Level  Hunger
a - Freeze                Ice            ####         1%          1    None
b - Ozocubu's Armour      Chrm/Ice       ###.....     8%          3    ##.....
c - Summon Ice Beast      Ice/Summ       ####....     14%         4    ####...
d - Throw Icicle          Conj/Ice       ###.....     17%         4    ####...


Dungeon Overview and Level Annotations

Branches:
Dungeon (7/15)             Temple (0/1) D:6

Altars:
Ashenzari
Cheibriados
Gozag
Kikubaaqudgha
Makhleb
Okawaru
Yredelemnul
Zin
The Shining One


Innate Abilities, Weirdness & Mutations

You revert to your normal form in water.
You are very nimble and swift while swimming.
You possess an exceptional clarity of mind.


Message History

Casting: Summon Ice Beast
Confirm with . or Enter, or press ? or * to list all spells.
A chill wind blows around you.
You closely miss the ogre.
The ogre hits you with a giant spiked club!!
You hit the ogre.
The ogre is lightly wounded.
The ogre barely misses you.
You barely miss the ogre.
The ogre is lightly wounded.
You hit the ogre.
The ogre is poisoned.
The ogre is moderately wounded.
The ogre barely misses you.
You hit the ogre.
The ogre looks even sicker.
The ogre is heavily wounded.
The ogre hits you with a giant spiked club!
You hit the ogre.
The ogre looks even sicker.
The ogre is heavily wounded.
The ogre hits you with a giant spiked club!!
You die...

#. #. ### #.## ..###
#... ....###########..#
..#..........##..####.##
.###########.##.O.......
.# ##.###@# .# #...##Y#
.# ###...##.# .###
#........## ##..
.............# ### ##
#.# #.##.........# #..
#. #.# #.####....#..#
#.# ###. #.# #.#
#....#..### #.###... #.#
#.#
##......##.#####.......


You could see an ogre and a friendly ice beast.

Vanquished Creatures
  Duvessa (D:4)
  Purgy (D:4)
  A sky beast (D:5)
  2 ogres
  An ice beast (D:7)
  2 centaurs
  Dowan (D:4)
  2 scorpions (D:5)
  A water moccasin skeleton (D:6)
  A giant frog zombie (D:7)
  An orc priest (D:6)
  A hound (D:5)
  A centaur skeleton (D:4)
  A gnoll shaman (D:6)
  2 orc wizards (D:5)
  2 iguanas
  Ijyb (D:3)
  4 worker ants
  A hound zombie (D:6)
  A hound skeleton (D:7)
  Robin (D:2)
  4 gnolls
  6 adders
  A shadow imp (D:5)
  An ooze (D:2)
  3 adder zombies
  An adder skeleton (D:7)
  3 worms
  2 dart slugs
  7 giant geckos
  11 orcs
  6 giant cockroaches
  20 goblins
  15 hobgoblins
  15 jackals
  4 quokkas
  2 ball pythons
  5 bats
  3 giant gecko skeletons
  5 giant newts
  A jackal skeleton (D:4)
  8 kobolds
  7 rats
159 creatures vanquished.

Vanquished Creatures (collateral kills)
  An orc warrior (D:6)
  A sky beast (D:7)
  A giant frog (D:6)
  A jackal (D:6)
4 creatures vanquished.

Vanquished Creatures (others)
  A bush (D:2)
  2 plants (D:2)
3 creatures vanquished.

Grand Total: 166 creatures vanquished

Notes
Turn   | Place    | Note
--------------------------------------------------------------
     0 | D:1      | wvc the Merfolk Ice Elementalist began the quest for the Orb.
     0 | D:1      | Reached XP level 1. HP: 13/13 MP: 3/3
   121 | D:1      | Reached XP level 2. HP: 19/19 MP: 5/5
   801 | D:1      | Reached skill level 4 in Ice Magic
   801 | D:1      | Reached XP level 3. HP: 24/24 MP: 2/6
   873 | D:2      | Found an iron altar of Okawaru.
   873 | D:2      | Found a glowing silver altar of Zin.
   879 | D:2      | Found an ancient bone altar of Kikubaaqudgha.
   879 | D:2      | Found an opulent altar of Gozag.
   879 | D:2      | Found a shattered altar of Ashenzari.
   879 | D:2      | Found a burning altar of Makhleb.
   880 | D:2      | Found a basalt altar of Yredelemnul.
   965 | D:2      | Became a worshipper of Ashenzari the Shackled
  1372 | D:2      | Reached XP level 4. HP: 24/30 MP: 3/8
  1463 | D:2      | Learned a level 3 spell: Ozocubu's Armour
  1468 | D:2      | Learned a level 4 spell: Summon Ice Beast
  2202 | D:2      | Noticed Robin
  2394 | D:2      | Killed Robin
  2394 | D:2      | Reached skill level 5 in Ice Magic
  2530 | D:2      | Reached XP level 5. HP: 30/35 MP: 5/9
  2804 | D:3      | Noticed Ijyb
  2959 | D:3      | Killed Ijyb
  2989 | D:3      | Found a faded altar to an unknown god.
  3389 | D:4      | Noticed Duvessa
  3389 | D:4      | Noticed Dowan
  3424 | D:4      | Killed Dowan
  3424 | D:4      | Reached XP level 6. HP: 41/41 MP: 11/11
  3467 | D:4      | Noticed Purgy
  3496 | D:4      | Reached skill level 6 in Ice Magic
  3583 | D:4      | Killed Purgy
  3614 | D:4      | Killed Duvessa
  3614 | D:4      | Reached XP level 7. HP: 41/46 MP: 13/13
  3703 | D:4      | Reached skill level 7 in Ice Magic
  4420 | D:5      | Entered Level 5 of the Dungeon
  4491 | D:5      | Reached * piety under Ashenzari
  4529 | D:5      | Reached skill level 5 in Spellcasting
  4557 | D:5      | Reached skill level 8 in Ice Magic
  4707 | D:5      | Reached XP level 8. HP: 52/52 MP: 15/15
  4880 | D:5      | Learned a level 4 spell: Throw Icicle
  5138 | D:5      | Found a snail-covered altar of Cheibriados.
  5519 | D:6      | Identified the +4 scale mail of Surprise {rCorr Int+4 Dex+5}
  5548 | D:6      | Identified a scroll of acquirement
  5634 | D:6      | Reached skill level 9 in Ice Magic
  5975 | D:6      | Reached skill level 1 in Summonings
  6104 | D:6      | Found a staircase to the Ecumenical Temple.
  6565 | D:7      | Found a glowing golden altar of the Shining One.
  6614 | D:7      | Gained mutation: You possess an exceptional clarity of mind. [mutagenic meat]
  6685 | D:7      | Reached skill level 10 in Ice Magic
  6685 | D:7      | Reached XP level 9. HP: 57/57 MP: 16/18
  6869 | D:7      | Slain by an ogre

Vault maps used:
D:1:      dpeg_arrival_houses_and_road, nrook_mini_vaults
D:2:      grunt_temple_overflow_open, serial_forest,
          infiniplex_forest_lined_corner, infiniplex_forest_clump_small,
          infiniplex_forest_clump_medium, infiniplex_forest_end_2,
          infiniplex_forest_lined_ring, infiniplex_forest_end_3,
          infiniplex_forest_split, infiniplex_forest_corner_2,
          minmay_goblin_kobold_house, uniq_robin
D:3:      kennysheep_six_static_rooms, ecumenical_altar_2, uniq_iyjb
D:4:      first_bread, minivault_14, eino_tiny_chamber, amalloy_card_club,
          uniq_purgy, uniq_duvessa
D:5:      nicolae_overflow_crystal_walls
D:6:      minmay_temple_entry_overgrown, hangedman_decor_opposing
D:7:      basic_altar

Skill      XL: |  1  2  3  4  5  6  7  8 |
---------------+-------------------------+-----
Ice Magic      | 4 5 6 8 10 | 10.0
Spellcasting   | 3 4 5 6 |  6.4
Summonings     | 2 |  2.1
Fighting       | |  0.2
Dodging        | |  2.6
Stealth        | |  2.1
Conjurations   | |  0.7

Action                   |  1- 3 |  4- 6 |  7- 9 || total
-------------------------+-------+-------+-------++-------
Melee: Unarmed           |    39 |    10 |       ||    49
       Short sword       |       |    26 |       ||    26
       Dagger            |       |   105 |   347 ||   452
 Cast: Freeze            |    47 |    32 |    22 ||   101
       Ozocubu's Armour  |       |     2 |    11 ||    13
       Summon Ice Beast  |       |       |     8 ||     8
Invok: Curse Item        |       |     1 |     1 ||     2
Evoke: Wand              |       |     4 |     1 ||     5
  Use: Scroll            |       |    18 |     7 ||    25
       Potion            |       |       |     1 ||     1
 Stab: Sleeping          |     1 |     2 |     7 ||    10
  Eat: Chunk             |     2 |     8 |     5 ||    15
       Beef jerky        |       |       |     2 ||     2
       Pizza             |       |       |     1 ||     1
       Bread ration      |       |       |     1 ||     1
Armor: Ring mail         |    11 |       |       ||    11
       Leather armour    |    14 |    62 |    23 ||    99
       Troll leather arm |       |       |    99 ||    99
Dodge: Dodged            |    34 |   113 |   270 ||   417
